 Dungeon Crawl Stone Soup version 0.29-a0-422-gafbd6decc1 (webtiles) character file.

Game seed: 3162384214915996258

60 xian the Conjurer (level 3, 0/26 HPs)
             Began as a Draconian Conjurer on May 19, 2022.
             Slain by Terence
             ... wielding a +0 short sword
              (4 damage)
             ... on level 2 of the Dungeon.
             The game lasted 00:04:20 (1684 turns).

xian the Conjurer (Draconian Conjurer)              Turns: 1684, Time: 00:04:20

Health: 0/26       AC:  6    Str:  9    XL:     3   Next: 82%
Magic:  0/6        EV: 12    Int: 20    God:
Gold:   17         SH:  5    Dex:  9    Spells: 4/7 levels left

rFire   . . .      SeeInvis .   e - +0 short sword
rCold   . . .      Faith    .   (no shield)
rNeg    . . .      Spirit   .   (body armour unavailable)
rPois   .          Reflect  +   (helmet restricted)
rElec   .          Harm     .   f - +0 cloak
rCorr   .          Rampage  .   (no gloves)
Will    .....                   (no boots)
Stlth   ++........              c - amulet of reflection
HPRegen 0.08/turn               (no ring)
MPRegen 0.10/turn               (no ring)

@: brilliant
A: AC +5, unfitting armour, cold-blooded
a: no special abilities


You were on level 2 of the Dungeon.
You visited 1 branch of the dungeon, and saw 2 of its levels.

You collected 17 gold pieces.

Inventory:

Hand Weapons
 e - a +0 short sword (weapon)
Armour
 f - a +0 cloak (worn)
Jewellery
 c - an amulet of reflection (around neck)
Scrolls
 b - a scroll of identify
 i - 2 scrolls of vulnerability
Potions
 a - a potion of magic
 d - a potion of heal wounds {unknown}
 g - 2 potions of curing {unknown}
 h - 2 potions of brilliance


   Skills:
 + Level 0.1 Short Blades
 + Level 2.0 Dodging
 + Level 2.0 Stealth
 + Level 2.5 Spellcasting
 + Level 4.9 Conjurations


You had 4 spell levels left.
You knew the following spells:

 Your Spells              Type           Power      Damage    Failure   Level
a - Magic Dart            Conj           100%       1d8       1%          1
b - Searing Ray           Conj           66%        2d6       3%          2

Your spell library contained the following spells:

 Spells                   Type           Power      Damage    Failure   Level
 Foxfire                  Conj/Fire      72%        2x1d7     5%          1
 Sting                    Tmut/Pois      12%        1d3       16%         1
 Conjure Flame            Conj/Fire      18%        6-21      16%         3
 Dazzling Flash           Conj/Hex       36%        N/A       16%         3
 Poisonous Vapours        Pois/Air       6%         N/A       22%         2
 Inner Flame              Hex/Fire       3%         N/A       41%         3
 Flame Wave               Conj/Fire      18%        2d6       47%         4
 Fulminant Prism          Conj/Hex       9%         3d7       47%         4
 Iskenderun's Mystic Bla  Conj/Tloc      18%        2d6       47%         4
 Olgreb's Toxic Radiance  Pois           3%         N/A       83%         4


Dungeon Overview and Level Annotations

Branches:
Dungeon (2/15)

Altars:

Annotations:
D:2 Terence


Innate Abilities, Weirdness & Mutations

Your plain brown scales are hard. (AC +5)
You cannot fit into any form of body armour.
You are cold-blooded and may be slowed by cold attacks.


Message History

Unknown command.
You don't have enough magic to cast this spell.
Unknown command.
You closely miss Terence.
Terence is moderately wounded.
Terence hits you but does no damage.
You hit Terence.
Terence is heavily wounded.
Terence completely misses you.
You barely miss Terence.
Terence is heavily wounded.
Terence hits you with a +0 short sword.
You closely miss Terence.
Terence is heavily wounded.
Terence misses you.
You hit Terence but do no damage.
Terence is heavily wounded.
Terence hits you with a +0 short sword.
* * * LOW HITPOINT WARNING * * *
You block Terence's attack.
You are too injured to fight recklessly!
Aiming: Magic Dart (safe; 1% risk of failure)
Press: ? - help, Q - select action, (/) - cycle Shift-Dir - straight line, f/p - Terence
Aim: Terence, wielding a +0 short sword and wearing a +0 chain mail (heavily wounded, 100% to hit)
You feel a surge of power!
The magic dart hits Terence but does no damage.
Terence is heavily wounded.
You block Terence's attack.
You barely miss Terence.
Terence is heavily wounded.
Terence hits you with a +0 short sword.
* * * LOW HITPOINT WARNING * * *
You closely miss Terence.
Terence is heavily wounded.
Terence hits you but does no damage.
You hit Terence but do no damage.
You tail-slap Terence, but do no damage.
Terence is heavily wounded.
Terence hits you with a +0 short sword.
You die...

######### #.# #####
........########.# #####....
...........(.....#
####.......# .$............
... ............
........###### #.# .##.#.†.#.#
.####........# #.## #.
#.#.###.# †
#.........###..####.##.#...#.#
#...........@@....#.##.#.#.#.#
#.#######.........#.##.....#.#
#. #.........#......###.. #.
#######'###......# ### #.
#..##......# ## ##.##......#
#. #..#......####.
##.#.)......÷#. #..#####.##...


You could see Terence.

Vanquished Creatures
  2 adders (D:2)
  A worm (D:2)
  A dart slug (D:1)
  3 ball pythons
  A bat (D:1)
  3 endoplasms (D:1)
  2 giant cockroaches (D:1)
  5 hobgoblins (D:1)
  3 jackals (D:2)
  A quokka (D:1)
  3 frilled lizards
  4 goblins
  4 kobolds
  2 rats
35 creatures vanquished.

Notes
Turn   | Place    | Note
-------+----------+-------------------------------------------
     0 | D:1      | xian the Draconian Conjurer began the quest for the Orb.
     0 | D:1      | Reached XP level 1. HP: 14/14 MP: 3/3
   304 | D:1      | Reached XP level 2. HP: 20/20 MP: 1/5
   516 | D:1      | Learned a level 2 spell: Searing Ray
   962 | D:1      | Found a faded altar of an unknown god.
   973 | D:1      | Reached XP level 3. HP: 26/26 MP: 0/6
  1653 | D:2      | Noticed Terence
  1684 | D:2      | Slain by Terence

Illustrated notes

Levels and vault maps discovered:
D:1:      ncdulo_wetmaze, layout_basic, ebering_ecumenical_altar_webs,
          minmay_misc_feat_room, skrybe_limestone_x
D:2:      layout_basic, kennysheep_crisscross, uniq_terence

Skill      XL: |  1  2  3 |
---------------+----------+-----
Stealth        | 2 |  2.0
Dodging        | 2 |  2.0
Short Blades   | |  0.1
Spellcasting   | |  2.5
Conjurations   | |  4.9

Action                   || total
-------------------------++-------
Melee: Short sword       ||    20
       Tailslap          ||     2
 Cast: Magic Dart        ||    72
  Use: Scroll            ||     2
       Potion            ||     1
 Stab: Held in net/web   ||     1
Armor: Skin              ||     5
Dodge: Dodged            ||    10
Block: Other             ||     6

Table legend: (Time is in decaauts)
 A = Elapsed time spent in this place.
 B = Non-inter-level travel time spent in this place.
 C = Inter-level travel time spent in this place.
 D = Time resting spent in this place.
 E = Time spent auto-exploring this place.
 F = Levels seen in this place.
 G = Mean time per level.
                   A        B        C        D        E       F      G
               +--------+--------+--------+--------+--------+-----+--------+
         Total |   1691 |   1669 |     22 |      0 |   1421 |   2 |  845.5 |
       Dungeon |   1691 |   1669 |     22 |      0 |   1421 |   2 |  845.5 |
               +--------+--------+--------+--------+--------+-----+--------+

Top non-repeatable levels by time:
     D:1: 1220 daAuts
     D:2: 471 daAuts
